 Dungeon Crawl Stone Soup version 0.28-b1-25-g9875b3fc8c (webtiles) character file.

Game seed: 3240484068053149047

3178 growler the Zephyrmancer (level 9, -3/48 HPs)
             Began as a Tengu Air Elementalist on Feb 2, 2022.
             Was a Believer of Vehumet.
             Slain by Erica (6 damage)
             ... on level 8 of the Dungeon.
             The game lasted 00:21:58 (11408 turns).

growler the Zephyrmancer (Tengu Air Elementalist)  Turns: 11408, Time: 00:21:58

Health: -3/48      AC:  1    Str:  9    XL:     9   Next: 95%
Magic:  2/17       EV: 14    Int: 20    God:    Vehumet [**....]
Gold:   277        SH:  5    Dex: 14    Spells: 8/18 levels left

rFire   . . .      SeeInvis .   e - staff of conjuration {!a}
rCold   . . .      Faith    .   r - +0 buckler
rNeg    . . .      Spirit   .   y - +2 robe {Archmagi}
rPois   .          Reflect  .   (helmet restricted)
rElec   .          Harm     .   k - +0 cloak
rCorr   .          Rampage  .   (no gloves)
Will    .....      Archmagi +   (boots unavailable)
Stlth   ++........              (no amulet)
HPRegen 0.16/turn               (no ring)
MPRegen 0.15/turn               (no ring)

@: corroded, flying quickly and evasively, slowed, very slow
A: beak, talons 3, nimble flight
a: Renounce Religion


You were on level 8 of the Dungeon.
You worshipped Vehumet.
Vehumet was pleased with you.
You visited 2 branches of the dungeon, and saw 9 of its levels.

You collected 277 gold pieces.

Inventory:

Hand Weapons
 d - the +3 quarterstaff "Obamofaq" {pain, rElec rN+}
   (You found it on level 7 of the Dungeon)

   In the hands of one skilled in necromantic magic, it inflicts extra damage on
   living creatures.
   rElec:     It insulates you from electricity.
   rN:        It protects you from negative energy.
Armour
 a - a +1 robe
 b - the +5 ring mail of Blue Birdsong {rPois}
   (You found it on level 7 of the Dungeon)

   rPois:     It protects you from poison.
 k - a +0 cloak (worn)
   (You found it on level 4 of the Dungeon)
 r - a +0 buckler (worn)
   (You found it on level 6 of the Dungeon)
 s - an orb of mayhem
   (You found it on level 6 of the Dungeon)
 v - the +2 robe "Zaetwehur" {rPois Int+4 Dex+2}
   (You found it on level 6 of the Dungeon)

   Int:       It affects your intelligence (+4).
   Dex:       It affects your dexterity (+2).
   rPois:     It protects you from poison.
 y - a +2 robe of the Archmagi (worn)
   (You found it on level 7 of the Dungeon)
Magical Staves
 e - a staff of conjuration (weapon) {!a}
   (You found it on level 4 of the Dungeon)
Jewellery
 i - a ring of poison resistance
   (You found it on level 3 of the Dungeon)
Wands
 t - a wand of flame (34)
   (You found it on level 6 of the Dungeon)
 u - a wand of paralysis (10)
   (You found it on level 4 of the Dungeon)
 A - a wand of polymorph (9)
   (You found it on level 8 of the Dungeon)
Scrolls
 f - 2 scrolls of teleportation {unknown}
 g - 2 scrolls of fog
 h - a scroll of brand weapon {unknown}
 l - a scroll of amnesia {unknown}
 o - a scroll of magic mapping {unknown}
 p - a scroll of identify {@r1}
 q - a scroll of holy word {unknown}
 w - a scroll of blinking {unknown}
 C - a scroll of torment {unknown}
 D - a scroll of vulnerability {unknown}
Potions
 c - a potion of flight {unknown}
 j - 2 potions of ambrosia
 m - a potion of curing {@q1}
 n - a potion of brilliance
 x - a potion of invisibility
 z - a potion of haste {@q3}
 B - a potion of mutation {unknown}
 E - a potion of attraction {unknown}


   Skills:
 + Level 2.2 Fighting
 - Level 2.1 Dodging
 - Level 2.0 Stealth
 + Level 3.7 Shields
 - Level 5.0 Spellcasting
 - Level 9.0 Conjurations
 + Level 12.9 Air Magic


You had 8 spell levels left.
You knew the following spells:

 Your Spells              Type           Power      Damage    Failure   Level
a - Shock                 Conj/Air       100%       1d9       1%          1
b - Airstrike             Air            35%        N/A       1%          4
d - Static Discharge      Conj/Air       83%        N/A       1%          2
s - Swiftness             Air            71%        N/A       1%          3

Your spell library contained the following spells:

 Spells                   Type           Power      Damage    Failure   Level
 Foxfire                  Conj/Fire      100%       2x1d9     2%          1
 Ensorcelled Hibernation  Hex/Ice        14%        N/A       22%         2
 Passwall                 Tmut/Erth      5%         N/A       22%         2
 Frozen Ramparts          Ice            14%        1d3       41%         3
 Ice Form                 Ice/Tmut       7%         N/A       83%         4
 Summon Ice Beast         Ice/Summ       7%         N/A       83%         4


Dungeon Overview and Level Annotations

Branches:
Dungeon (8/15)             Temple (1/1) D:5
   Lair: D:8-11

Altars:
Ashenzari
Cheibriados
Dithmenos
Elyvilon
Fedhas
Gozag
Hepliaklqana
Kikubaaqudgha
Makhleb
Nemelex Xobeh
Okawaru
Qazlal
Ru
Sif Muna
Trog
Uskayaw
Vehumet
Wu Jian
Xom
Yredelemnul
Zin
The Shining One

Shops:
D:8 (

Annotations:
D:6 1 runed translucent door, Crazy Yiuf
D:8 Erica


Innate Abilities, Weirdness & Mutations

You have a beak for a mouth.
You have claws for feet.
Your magical nature lets you fly swiftly and evasively.


Message History

You see here a bullfrog skeleton.
Aim: a goblin, wielding a +0 hand axe (67% to hit)
You feel a strong surge of power!
The zap hits something.
The zap misses the goblin.
You hear a zap.
A bolt of acid appears from out of thin air!
The bolt of acid hits you!!
Ouch! That really hurt!
* * * LOW HITPOINT WARNING * * *
The acid corrodes you!
There is a stone staircase leading up here.
You fly upwards.
Reactivating autopickup.
There is a stone staircase leading down here.
You start resting.
You are no longer corroded.
You start resting.
You start resting.
You fly downwards.
You hear the roar of battle.
There is an entrance to a bailey on this level.
Hurry and find it before the portal closes forever!
The walls and floor vibrate strangely for a moment.
Level annotation: Erica Erica casts a spell at you.
You feel yourself slow down.
Erica zaps a wand.
The bolt of acid misses you.
There is a stone staircase leading up here.
Aim: Erica, wielding a +4 scimitar of flaming, wearing a +0 robe and carrying a wand of acid (8) (lightly wounded, empty space bonus: 5/8)
You feel a surge of power!
The air twists around and strikes Erica!
Aim: Erica, wielding a +4 scimitar of flaming, wearing a +0 robe and carrying a wand of acid (8) (moderately wounded, empty space bonus: 5/8)
You feel a surge of power!
The air twists around and strikes Erica!
Erica mumbles some strange words.
Erica flickers and vanishes!
Deactivating autopickup; reactivate with Ctrl-A.
You feel a surge of power!
The spell fizzles.
You feel a surge of power!
The air twists around and strikes something!
You hear a zap.
A bolt of acid appears from out of thin air!
The bolt of acid hits you!!
Ouch! That really hurt!
* * * LOW HITPOINT WARNING * * *
The acid corrodes you! Something hits you!
* * * LOW HITPOINT WARNING * * *
Something burns you.
You die...

####.)......######.#.#.##.#....#
#........#.........#.#.##.#.##.##
#.##.###.##..#######.#...........
....÷.......[.........(.........>
#...###.####..####.#.#.#.....#...
#..........#..#....#(###.#.#.####
....g...#..#..#....#.......#.....
≈≈≈.{......#...g...#........#####
##≈)#.#........{@..#.#...........
#≈.#.....###..#####.#......#####
#≈........................#. #
#≈.............######.......####
##≈.............................#
≈≈≈.###.#######..####......#.....
....# #.# ##.........#.####.#
....# #.#...####..####..... #)#
...## #.........#.## #.#.# #.#


You could see a goblin.

Vanquished Creatures
  Eustachio (D:5)
  Menkaure (D:6)
  An acid dragon (D:8)
  An orc warrior (D:6)
  A black bear (D:4)
  2 necrophages
  4 ogres
  4 centaurs
  Blork the orc (D:6)
  3 bullfrogs
  2 scorpions (D:6)
  A water moccasin skeleton (D:4)
  4 wights (D:7)
  3 jellies
  A bullfrog zombie (D:4)
  5 orc priests
  2 gnoll shamans
  2 hounds
  6 iguanas
  11 orc wizards
  A howler monkey zombie (D:4)
  A howler monkey skeleton (D:6)
  16 gnolls
  8 adders
  An ufetubus (D:6)
  2 worms (D:3)
  6 dart slugs
  26 orcs
  5 endoplasms
  2 giant cockroaches
  8 goblins
  10 hobgoblins
  4 jackals (D:1)
  6 quokkas
  11 ball pythons
  3 bats
  6 frilled lizards
  4 kobolds
  5 rats (D:1)
181 creatures vanquished.

Vanquished Creatures (others)
  2 plants (D:1)
2 creatures vanquished.

Grand Total: 183 creatures vanquished

Notes
Turn   | Place    | Note
-------+----------+-------------------------------------------
     0 | D:1      | growler the Tengu Air Elementalist began the quest for the
                  | Orb.
     0 | D:1      | Reached XP level 1. HP: 10/10 MP: 4/4
   246 | D:1      | Reached XP level 2. HP: 15/15 MP: 4/6
   249 | D:1      | Learned a level 2 spell: Static Discharge
   827 | D:1      | Reached XP level 3. HP: 19/19 MP: 5/7
  1380 | D:1      | Found a faded altar of an unknown god.
  1833 | D:2      | Reached XP level 4. HP: 24/24 MP: 6/9
  1840 | D:2      | Learned a level 3 spell: Swiftness
  1915 | D:2      | Reached skill level 5 in Air Magic
  2777 | D:3      | Noticed an ogre
  2788 | D:3      | Killed an ogre
  2789 | D:3      | Gained mutation: Your magical nature lets you fly swiftly
                  | and evasively. [Tengu growth]
  2789 | D:3      | Reached XP level 5. HP: 27/28 MP: 0/11
  2903 | D:3      | Learned a level 4 spell: Airstrike
  3117 | D:3      | Reached XP level 6. HP: 32/32 MP: 3/12
  3225 | D:3      | Reached skill level 6 in Air Magic
  4178 | D:4      | Noticed a necrophage
  4180 | D:4      | Noticed a black bear
  4194 | D:3      | Killed a necrophage
  4195 | D:3      | Reached skill level 5 in Conjurations
  4338 | D:4      | Killed a black bear
  4339 | D:4      | Reached XP level 7. HP: 30/36 MP: 5/14
  4672 | D:4      | Reached skill level 7 in Air Magic
  4977 | D:4      | Identified the +0 pair of boots of Zocanach {rN+ rCorr}
  5491 | D:4      | Reached XP level 8. HP: 41/41 MP: 4/16
  5493 | D:4      | Reached skill level 5 in Spellcasting
  6008 | D:5      | Entered Level 5 of the Dungeon
  6228 | D:5      | Reached skill level 8 in Air Magic
  6977 | D:5      | Found a staircase to the Ecumenical Temple.
  6983 | D:5      | Found an ancient bone altar of Kikubaaqudgha.
  6986 | Temple   | Entered the Ecumenical Temple
  7303 | Temple   | Became a worshipper of Vehumet
  7496 | D:6      | Noticed Blork the orc
  7496 | D:6      | Noticed Eustachio
  7499 | D:6      | Killed Blork the orc
  7500 | D:6      | Reached skill level 9 in Air Magic
  7535 | D:5      | Killed Eustachio
  7847 | D:6      | Noticed Menkaure
  7849 | D:6      | Killed Menkaure
  7850 | D:6      | Reached skill level 10 in Air Magic
  7850 | D:6      | Reached XP level 9. HP: 45/45 MP: 8/17
  8267 | D:6      | Found an ornate altar of the Wu Jian Council.
  8275 | D:6      | Reached skill level 11 in Air Magic
  8417 | D:6      | Identified the +2 robe "Zaetwehur" {rPois Int+4 Dex+2}
  8837 | D:6      | Found a runed translucent door.
  8838 | D:6      | Noticed Crazy Yiuf
  8998 | D:6      | Reached * piety under Vehumet
  8998 | D:6      | Offered knowledge of Magic Dart by Vehumet.
  9196 | D:7      | Identified the +5 ring mail of Blue Birdsong {rPois}
  9208 | D:7      | Reached skill level 12 in Air Magic
  9339 | D:7      | Reached skill level 1 in Shields
  9785 | D:7      | Identified the +3 quarterstaff "Obamofaq" {pain, rElec rN+}
 10179 | D:7      | Found a snail-covered altar of Cheibriados.
 10181 | D:7      | Found a white marble altar of Elyvilon.
 10760 | D:8      | Reached skill level 1 in Fighting
 10996 | D:8      | Offered knowledge of Foxfire by Vehumet.
 11187 | D:8      | Found Yfoku's Antique Weapon Shoppe.
 11191 | D:8      | Noticed Erica
 11208 | D:8      | Reached ** piety under Vehumet
 11408 | D:8      | Slain by Erica

Illustrated notes

Levels and vault maps discovered:
D:1:      lightli_arrival_maybe_door_vault, layout_basic,
          shapermc_ecumenical_altar_mp_ritualfount, nicolae_figureground_pulse
D:2:      layout_loops_cross
D:3:      layout_basic
D:4:      minmay_clustersquares, layout_loops_corners
D:5:      layout_loops_cross, mainiacjoe_overflow_alcove_1,
          minmay_temple_entry_statues_fountains
D:6:      layout_gridville, mainiacjoe_overflow_small_starburst,
          uniq_crazy_yiuf_cottage, uniq_menkaure, uniq_blork_the_orc,
          uniq_eustachio
D:7:      layout_loops_ring, mainiacjoe_overflow_big_doors
D:8:      layout_basic, enter_bailey_3, serial_shops, shop, uniq_erica
Temple:   dpeg_five_rooms_temple

Skill      XL: |  1  2  3  4  5  6  7  8  9 |
---------------+----------------------------+-----
Conjurations   | 2 3 4 5 6 9 |  9.0
Air Magic      | 5 6 7 10 12 | 12.9
Spellcasting   | 3 4 5 |  5.0
Shields        | 3 |  3.7
Fighting       | 2 |  2.2
Dodging        | |  2.1
Stealth        | |  2.0

Action                   |  1- 3 |  4- 6 |  7- 9 || total
-------------------------+-------+-------+-------++-------
Melee: Unarmed           |     1 |     4 |     7 ||    12
       Kick              |     1 |       |     3 ||     4
       Punch             |       |       |     2 ||     2
       Peck              |       |       |     2 ||     2
       Staff             |       |       |     4 ||     4
 Cast: Shock             |    73 |   129 |    96 ||   298
       Static Discharge  |     2 |    13 |    35 ||    50
       Airstrike         |       |       |    87 ||    87
  Use: Scroll            |       |     3 |     8 ||    11
Armor: Robe              |     1 |     5 |     6 ||    12
Dodge: Dodged            |    11 |    18 |    39 ||    68
Block: Buckler           |       |       |     1 ||     1
